 Dungeon Crawl Stone Soup version 0.29.1-15-g9cfb28693d (webtiles) character file.

Game seed: 16760751633315890880

7 Gustavia the Grave Robber (level 1, 0/13 HPs)
             Began as a Demonspawn Necromancer on Feb 28, 2023.
             Slain by a rat (2 damage)
             ... on level 1 of the Dungeon.
             The game lasted 00:04:30 (501 turns).

Gustavia the Grave Robber (Demonspawn Necromancer)   Turns: 501, Time: 00:04:31

Health: 0/13       AC:  2    Str:  8    XL:     1   Next: 91%
Magic:  3/3        EV: 12    Int: 16    God:
Gold:   1          SH:  0    Dex: 13    Spells: 3/4 levels left

rFire   . . .      SeeInvis .   c - +0 hand axe
rCold   . . .      Faith    .   (no shield)
rNeg    . . .      Spirit   .   a - +0 robe
rPois   .          Reflect  .   (no helmet)
rElec   .          Harm     .   (no cloak)
rCorr   .          Rampage  .   (no gloves)
Will    .....                   (no boots)
Stlth   ++........              (no amulet)
HPRegen 0.04/turn               (no ring)
MPRegen 0.08/turn               (no ring)

@: no status effects
A: no striking features
a: no special abilities


You were on level 1 of the Dungeon.
You visited 1 branch of the dungeon, and saw 1 of its levels.

You collected 1 gold pieces.

Inventory:

Hand Weapons
 c - a +0 hand axe (weapon)
Armour
 a - a +0 robe (worn)
Potions
 b - a potion of magic


   Skills:
 + Level 0.3 Axes
 + Level 1.7 Dodging
 + Level 1.8 Stealth
 + Level 2.0 Spellcasting
 + Level 4.7 Necromancy


You had 3 spell levels left.
You knew the following spells:

 Your Spells              Type           Power      Damage    Failure   Level
a - Necrotise             Necr           64%        1d7       3%          1

Your spell library contained the following spells:

 Spells                   Type           Power      Damage    Failure   Level
 Vampiric Draining        Necr           16%        2d7       9%          3
 Animate Dead             Necr           16%        N/A       28%         4
 Agony                    Necr           16%        N/A       63%         5


Dungeon Overview and Level Annotations

Branches:
Dungeon (1/15)

Altars:


Message History

You now have 1 gold piece.
You see here a +0 short sword.
You see here a +0 short sword.
There is a staircase leading out of the dungeon here.
Found a robe.
d - a scroll labelled AWKUG FIMAU
Okay, then.
Okay, then.
Okay, then.
As you read the scroll labelled AWKUG FIMAU, it crumbles to dust.
You feel strangely unstable.
It was a scroll of teleportation.
You start waiting.
Your surroundings suddenly seem different.
A rat, a kobold, 2 goblins and a ball python come into view.
Found a dagger.
The ball python hisses angrily.
The kobold shouts!
The kobold throws a stone.
The stone hits you.
The goblin shouts!
Unknown command.
The rat attacks as you move away! The rat misses you.
The goblin shouts!
You hear an angry hiss.
The rat closely misses you.
You closely miss the kobold. You hit the rat. The kobold closely misses you.
A frilled lizard comes into view.
The rat bites you but does no damage.
You hit the kobold.
The kobold is moderately wounded.
You barely miss the rat. You hit the goblin.
The kobold hits you with a +0 short sword.
The rat bites you but does no damage.
A goblin comes into view. It is wielding a +0 dagger.
The goblin hits you with a +0 club. The rat bites you.
A frilled lizard comes into view.
The kobold completely misses you. The goblin attacks as you move away!
The goblin misses you. The rat attacks as you move away!
The rat closely misses you.
The kobold hits you with a +0 short sword.
* * * LOW HITPOINT WARNING * * *
The rat attacks as you move away! The rat bites you.
You die...

#########.....#####.#
#######....####.#
####.# #[# #.. ##.##
..# #.# ####
#@###.....
#######rKS......
lg.l..gg........
#...#####.#..... ..
....... ##..... #....
..). ...


You could see 2 goblins, a ball python, a kobold and a rat.

Vanquished Creatures
  A dart slug (D:1)
  2 hobgoblins (D:1)
  A frilled lizard (D:1)
  A kobold (D:1)
  A rat (D:1)
6 creatures vanquished.

Notes
Turn   | Place    | Note
-------+----------+-------------------------------------------
     0 | D:1      | Gustavia the Demonspawn Necromancer began the quest for the
                  | Orb.
     0 | D:1      | Reached XP level 1. HP: 13/13 MP: 3/3
   501 | D:1      | Slain by a rat

Illustrated notes

Levels and vault maps discovered:
D:1:      minmay_arrival_glassed_features, layout_rooms

Action                   || total
-------------------------++-------
Melee: Hand axe          ||    15
 Cast: Necrotise         ||     3
  Use: Scroll            ||     2
Armor: Robe              ||     3
Dodge: Dodged            ||    15
